 Dungeon Crawl Stone Soup version 0.17-a0-627-g5cb7d3e (console) character file.

179325 Fusha the Brawler (level 17, -1/120 HPs)
             Began as a Troll Abyssal Knight on Apr 15, 2015.
             Was a High Priest of Lugonu.
             Hit by a large rock thrown by a stone giant (25 damage)
             ... on level 1 of the Depths on Apr 16, 2015.
             The game lasted 02:02:12 (32073 turns).

Fusha the Brawler (Troll Abyssal Knight)           Turns: 32073, Time: 02:02:13

Health: -1/120     AC: 13    Str: 33      XL:     17   Next: 60%
Magic:  23/23      EV: 14    Int:  7 (8)  God:    Lugonu [*****.]
Gold:   2023       SH:  0    Dex:  7 (9)  Spells: 0 memorised, 16 levels left

rFire  . . .     SeeInvis .       - Unarmed
rCold  . . .     Clarity  .     K - +2 troll leather armour
rNeg   . . .     SustAb   .     (no shield)
rPois  .         Gourm    +     (helmet restricted)
rElec  .         Spirit   .     R - +2 cloak
rCorr  .         Warding  .     (gloves unavailable)
rMut   .         Stasis   .     (boots unavailable)
MR     +....                    S - amulet of regeneration
Stlth  +.........               J - +1 ring of protection
                                l - +4 ring of strength

@: very slightly contaminated, somewhat resistant to hostile enchantments, very
unstealthy
A: unfitting armour, claws 3, repulsion field 1, deterioration 1, fast
metabolism 3, frail 3, gourmand, low mp 1, regeneration 2, shaggy fur 1, tough
skin 2, placid magic 2
a: Depart the Abyss, Bend Space, Banish, Corrupt, Enter the Abyss, Renounce
Religion


You were on level 1 of the Depths.
You worshipped Lugonu.
Lugonu was extremely pleased with you.
You were not hungry.

You visited 4 branches of the dungeon, and saw 28 of its levels.
You visited the Abyss 4 times.
You also visited: Sewer and Ice Cave.

You collected 3719 gold pieces.
You spent 1680 gold pieces at shops.

Inventory:

Hand weapons
 s - a +6 blowgun of evasion
Missiles
 B - 6 large rocks
 M - a throwing net (quivered)
 V - 9 curare-tipped needles
Armour
 K - a +2 troll leather armour (worn)
 R - a +2 cloak (worn)
Jewellery
 g - an uncursed ring of poison resistance
 l - a +4 ring of strength (left claw)
 q - an uncursed ring of protection from magic
 A - an uncursed ring of ice
 D - an uncursed amulet of resist mutation
 E - an uncursed ring of protection from fire
 J - a +1 ring of protection (right claw)
 L - an uncursed ring of protection from cold
 S - an amulet of regeneration (around neck)
 Z - an uncursed ring of invisibility
Magical devices
 b - a wand of cold (12)
 k - a wand of cold (10)
 z - a wand of draining (6)
 F - a wand of teleportation (4)
 H - a wand of fire (8)
 W - a wand of digging (5)
Scrolls
 f - 6 scrolls of blinking
 i - 2 scrolls of amnesia
 j - 7 scrolls of teleportation
 o - 4 scrolls of identify
 t - 4 scrolls of fear
 y - 8 scrolls of remove curse
 I - a scroll of torment
 N - a scroll of summoning
 P - 3 scrolls of recharging
Potions
 c - 2 potions of might
 e - 12 potions of curing
 h - 2 potions of lignification
 m - 9 potions of haste
 p - 3 potions of resistance
 r - 6 potions of flight
 u - 3 potions of brilliance
 v - a potion of ambrosia
 C - 3 potions of restore abilities
 G - 5 potions of heal wounds
 Q - 3 potions of cancellation
 X - 2 potions of berserk rage
 Y - 2 potions of agility
Miscellaneous
 d - a sack of spiders
 x - a disc of storms
 U - a plain deck of changes {the Shadow, drawn: 3}
Comestibles
 a - 14 bread rations
 w - a meat ration


   Skills:
 + Level 12.0 Fighting
 + Level 11.9 Dodging
 * Level 18.7 Unarmed Combat
 + Level 13.0 Invocations


You had 16 spell levels left.
You didn't know any spells.

Dungeon Overview and Level Annotations

Branches:
Dungeon (15/15)            Temple (0/1) D:7            Lair (8/8) D:10
 Shoals (0/5) Lair:3       Spider (0/5) Lair:4        Slime (0/6) Lair:6
    Orc (4/4) D:11            Elf (0/3) Orc:3        Vaults (0/5) D:14
 Depths (1/5) D:15

Altars:
Ashenzari
Cheibriados
Gozag
Okawaru
Ru
Trog
Vehumet
Yredelemnul
Beogh

Shops:
D:13 (:*:!   Orc:3 ?   Orc:4 *}(![?%:[

Annotations:
Orc:4 corrupted


Innate Abilities, Weirdness & Mutations

You are too large for most types of armour.
You have claws for hands.
Your metabolism is lightning-fast.
You like to eat raw meat.
You heal very quickly.
You are covered in fur (AC +1).
You have very tough skin (AC +2).
You are surrounded by a mild repulsion field (EV +2).
[Your body is slowly deteriorating.]
[You are extremely frail (-30% HP).]
[Your magical capacity is low (-10% MP).]
[Your spells are easier to cast, but less powerful.]


Message History

The stone giant throws a large rock.
The large rock misses you.
You see here a large rock.
A rakshasa comes into view. It is wielding a trident of protection.
The stone giant throws a large rock.
The large rock hits you!!
You see here a large rock.
The rakshasa weaves an illusion.
The stone giant shimmers and seems to become two!
Found a stone staircase leading down.
The stone giant throws a large rock.
The large rock hits you!!
The large rock shimmers and vanishes!
The stone giant throws a large rock.
The large rock hits you!!
* * * LOW HITPOINT WARNING * * *
The stone giant throws a large rock.
The large rock hits you!!
* * * LOW HITPOINT WARNING * * *
The large rock shimmers and vanishes!
You see here a large rock.
Drink which item? (? for menu, Esc to quit)
You feel much better.
The stone giant throws a large rock.
The large rock hits you!!
You die...

##...........
##..........#
##..#......#.#
####...#......#.#
##..#..[##....##.#
###...(...##....##..
#..#.(.....##..##...
##..........# ..##...
#...@........####....
##...........# ....
##.........). ...
.CC........ ..
....R...... .
>..........
≈≈≈≈....... ..≈....##
...


You could see 2 stone giants and a rakshasa.

Vanquished Creatures
  Rupert (D:15)
  A starcursed mass (Abyss:1)
  A dire elephant (D:15)
  Snorg (D:13)
  8 vault guards (D:14)
  Erolcha (D:9)
  Fannar (Lair:3)
  The ghost of Fluffy the Champion of Chaos, a powerful DsGl of Makhleb (D:11)
  An ogre mage (D:15)
  A rakshasa (Abyss:1)
  6 catoblepae
  Erica (D:9)
  3 hydras
  An anaconda (Lair:5)
  28 death yaks
  The ghost of Conn321 the Thaumaturge, a powerful DEFE of Qazlal (Lair:2)
  A centaur warrior (D:15)
  An orc high priest (Orc:4)
  Urug (Lair:4)
  Sonja (Lair:4)
  Nergalle (Lair:1)
  2 wretched stars (Abyss:1)
  A wizard (D:14)
  An ice statue (IceCv)
  Pikel (D:7)
  A deep troll (shapeshifter) (D:12)
  A wolf spider (D:15)
  7 hill giants
  5 unseen horrors
  2 orc sorcerers
  6 orc knights
  3 oklob plants (Lair:8)
  4 ugly things
  2 griffons
  2 cyclopes
  6 manticores
  A rust devil (Abyss:1)
  4 elephants
  A salamander (D:15)
  11 black mambas
  4 centaur zombies
  2 orange demons (Abyss:1)
  14 spiny frogs
  A queen ant (Lair:5)
  6 torpor snails
  A gargoyle (D:14)
  6 kobold demonologists
  2 ancient zymes (Abyss:1)
  An efreet (D:15)
  4 komodo dragons
  3 fire drakes
  A yaktaur (D:11)
  A freezing wraith (D:15)
  A queen bee (D:8)
  3 two-headed ogres
  11 trolls
  13 slime creatures
  A harpy skeleton (D:15)
  20 blink frogs
  13 polar bears
  A large abomination (Abyss:1)
  A hornet zombie (D:15)
  2 boulder beetles
  78 yaks
  2 deep elf magi
  2 shadows
  4 wyverns
  2 ynoxinuls (Abyss:1)
  11 flying skulls (Abyss:1)
  4 trapdoor spiders (Lair:4)
  An ice dragon skeleton (Abyss:1)
  A tarantella (shapeshifter) (D:15)
  6 basilisks
  8 hippogriffs
  5 wargs
  A chaos spawn (Abyss:1)
  6 vampire mosquitoes (D:14)
  5 hungry ghosts
  Edmund (D:5)
  19 water moccasins
  27 wolves
  15 soldier ants (Lair:5)
  7 sky beasts
  13 porcupines
  A wasp (D:12)
  2 black bears
  An eye of draining (D:9)
  17 ogres
  29 orc warriors
  4 ice beasts
  A necrophage (D:15)
  2 phantoms
  4 slaves (D:7)
  18 crocodiles
  6 small abominations (Abyss:1)
  A boring beetle (Lair:6)
  2 centaurs (D:10)
  6 big kobolds
  19 giant frogs
  3 wyvern zombies
  A water moccasin zombie (D:7)
  34 killer bees
  A troll zombie (D:11)
  A vampire bat (D:6)
  3 scorpions
  An electric eel (D:12)
  5 wights (D:11)
  4 crimson imps
  3 goliath beetles
  23 orc priests
  A giant frog skeleton (D:10)
  4 iron imps
  9 jellies
  3 hounds
  A gnoll shaman (D:7)
  9 iguanas
  2 giant frog zombies
  22 orc wizards
  4 centaur skeletons
  Jessica (D:3)
  A merfolk avatar (Sewer)
  4 hell rats (Lair:4)
  A siren (Sewer)
  A statue (D:4)
  47 worker ants
  5 ogre zombies (D:11)
  26 sheep
  A hound zombie (D:10)
  A mummy (D:9)
  2 hound skeletons
  2 worker ant zombies
  19 adders
  8 gnolls
  96 river rats
  2 shadow imps
  14 white imps
  6 oozes
  9 ufetubi (Abyss:1)
  An adder zombie (D:10)
  2 adder skeletons (D:4)
  4 worms
  8 giant geckos
  150 orcs
  9 ball pythons
  A bat skeleton (D:5)
  8 giant cockroaches
  15 goblins
  25 hobgoblins
  27 jackals
  21 bats
  9 giant newts
  A goblin zombie (D:11)
  A hobgoblin skeleton (D:11)
  2 hobgoblin zombies (D:11)
  32 kobolds
  4 orc skeletons (D:11)
  11 orc zombies (D:11)
  8 quokkas
  36 rats
1321 creatures vanquished.

Vanquished Creatures (others)
  A tentacled starspawn (Orc:4)
  An orc warlord (Orc:4)
  6 hydras
  4 death yaks
  An orc high priest (Orc:4)
  3 thrashing horrors (Orc:4)
  3 orc knights (Orc:4)
  An orc sorcerer (Orc:4)
  A deep elf conjurer (Orc:4)
  A worldbinder (Orc:4)
  A deep elf priest (Orc:4)
  A hydra zombie (Orc:4)
  2 jumping spiders (Orc:4)
  A deep elf mage (Orc:4)
  A neqoxec (Orc:4)
  5 golden eyes (Abyss:1)
  6 wargs (Orc:4)
  A deep elf fighter (Orc:4)
  A wolf (IceCv)
  A sky beast (Orc:4)
  5 spiders (Orc:4)
  2 small abominations (Orc:4)
  17 orc warriors (Orc:4)
  A crocodile (Lair:6)
  2 quasits (Orc:4)
  An orc priest (Orc:4)
  An iguana (D:9)
  2 orc wizards (Orc:4)
  5 drowned souls (Sewer)
  6 ufetubi (Orc:4)
  49 orcs
  3 goblins (Orc:4)
  A lurking horror (Abyss:1)
  A crawling corpse (Orc:4)
  9 plants
  14 starspawn tentacles
  80 starspawn tentacle segments (Orc:4)
241 creatures vanquished.

Grand Total: 1562 creatures vanquished

Notes
Turn   | Place    | Note
--------------------------------------------------------------
     0 | Abyss:1  | Fusha, the Troll Abyssal Knight, began the quest for the Orb.
     0 | Abyss:1  | Reached XP level 1. HP: 22/22 MP: 1/1
    64 | Abyss:1  | Noticed a worldbinder
   106 | Abyss:1  | Noticed a tentacled starspawn
   130 | Abyss:1  | Noticed a wretched star
   130 | D:1      | Escaped the Abyss
   218 | D:1      | Acquired Lugonu's first power
   460 | D:1      | Reached XP level 2. HP: 29/29 MP: 2/2
  1216 | D:2      | Reached XP level 3. HP: 36/36 MP: 3/3
  1416 | D:2      | Reached skill level 3 in Fighting
  1477 | D:2      | Reached XP level 4. HP: 15/45 MP: 4/4
  1614 | D:2      | Acquired Lugonu's second power
  2038 | D:3      | Reached XP level 5. HP: 30/53 MP: 4/6
  2056 | D:3      | Found a glowing drain.
  2122 | Sewer    | Entered a sewer
  2308 | Sewer    | Acquired Lugonu's third power
  2412 | Sewer    | Noticed a drowned soul
  2413 | Sewer    | Noticed a drowned soul
  2414 | Sewer    | Noticed a drowned soul
  2414 | Sewer    | Noticed a drowned soul
  2414 | Sewer    | Killed a drowned soul
  2415 | Sewer    | Killed a drowned soul
  2417 | Sewer    | Noticed a drowned soul
  2418 | Sewer    | Killed a drowned soul
  2419 | Sewer    | Killed a drowned soul
  2422 | Sewer    | Killed a drowned soul
  2423 | Sewer    | Noticed a drowned soul
  2645 | D:3      | Reached XP level 6. HP: 61/61 MP: 7/7
  2676 | D:3      | Found an iron altar of Okawaru.
  2726 | D:3      | Acquired Lugonu's fourth power
  2846 | D:3      | Noticed Jessica
  2855 | D:3      | Killed Jessica
  2966 | D:3      | Gained mutation: You have a pair of small horns on your head. [potion of beneficial mutation]
  3194 | D:4      | Reached skill level 4 in Unarmed Combat
  3298 | D:4      | Found a radiant altar of Vehumet.
  3496 | D:4      | Reached XP level 7. HP: 62/68 MP: 8/8
  3832 | D:4      | Reached skill level 5 in Unarmed Combat
  4014 | D:5      | Entered Level 5 of the Dungeon
  4241 | D:5      | Noticed Edmund
  4252 | D:5      | Killed Edmund
  4252 | D:5      | Reached XP level 8. HP: 44/78 MP: 10/10
  4322 | D:5      | Found a sacrificial altar of Ru.
  4373 | D:5      | Reached skill level 6 in Unarmed Combat
  4636 | D:5      | Gained mutation: You are surrounded by a mild repulsion field (EV +2). [potion of beneficial mutation]
  5103 | D:5      | Acquired Lugonu's fifth power
  5553 | D:6      | Found a snail-covered altar of Cheibriados.
  5761 | D:6      | Reached skill level 7 in Unarmed Combat
  5809 | D:6      | Found an opulent altar of Gozag.
  5899 | D:7      | Reached skill level 5 in Invocations
  6053 | D:7      | Reached skill level 5 in Fighting
  6062 | D:7      | Reached XP level 9. HP: 78/88 MP: 10/12
  6165 | D:7      | Noticed Pikel
  6198 | D:7      | Killed Pikel
  6198 | D:7      | Reached skill level 5 in Dodging
  6198 | D:7      | Reached skill level 8 in Unarmed Combat
  6328 | D:7      | Found a staircase to the Ecumenical Temple.
  6471 | D:7      | You fall through a shaft for 2 floors!
  6704 | D:8      | Escaped the Abyss
  6904 | D:8      | Found a basalt altar of Yredelemnul.
  7314 | D:8      | Reached skill level 9 in Unarmed Combat
  7608 | D:8      | Reached XP level 10. HP: 67/98 MP: 13/13
  8414 | D:9      | Found a shattered altar of Ashenzari.
  8496 | D:9      | Noticed Erolcha
  8525 | D:9      | Killed Erolcha
  8587 | D:9      | Reached skill level 10 in Unarmed Combat
  8844 | D:9      | Noticed Erica
  8887 | D:10     | Entered Level 10 of the Dungeon
  9024 | D:9      | Killed Erica
  9572 | D:9      | Found a bloodstained altar of Trog.
  9805 | D:10     | Reached XP level 11. HP: 57/107 MP: 15/15
 10054 | D:10     | Noticed a manticore
 10057 | D:10     | Killed a manticore
 10057 | D:10     | Reached skill level 11 in Unarmed Combat
 10392 | Abyss:1  | Found a roughly hewn altar of Beogh.
 10567 | Abyss:1  | Noticed an Executioner
 10567 | D:10     | Escaped the Abyss
 10676 | D:10     | Noticed an elephant
 10677 | D:10     | Found a staircase to the Lair.
 10706 | D:10     | Killed an elephant
 10970 | D:10     | You fall through a shaft for 2 floors!
 10993 | D:11     | Noticed Fluffy's ghost (powerful DsGl)
 11067 | D:10     | Noticed a hill giant
 11076 | D:10     | Killed a hill giant
 11320 | Lair:1   | Entered Level 1 of the Lair of Beasts
 11340 | Lair:1   | Noticed a six-headed hydra
 11538 | D:11     | Reached skill level 12 in Unarmed Combat
 11551 | D:11     | Noticed a hill giant
 11571 | D:11     | Killed a hill giant
 11881 | Lair:1   | Noticed Nergalle
 11893 | Lair:1   | Killed Nergalle
 11989 | Lair:1   | Reached XP level 12. HP: 58/119 MP: 17/17
 13006 | Lair:2   | Noticed Conn321's ghost (powerful DEFE)
 13018 | Lair:2   | Killed Conn321's ghost
 13846 | Lair:3   | Found a staircase to the Shoals.
 14115 | Lair:3   | Reached skill level 13 in Unarmed Combat
 14280 | Lair:3   | Noticed Fannar
 14293 | Lair:3   | Killed Fannar
 14966 | Lair:4   | Noticed a six-headed hydra
 14968 | Lair:4   | Noticed Urug
 14998 | Lair:4   | Killed a nine-headed hydra
 15025 | Lair:4   | Killed Urug
 15063 | Lair:4   | Found a frozen archway.
 15122 | IceCv    | Entered an ice cave
 15275 | IceCv    | Reached XP level 13. HP: 109/130 MP: 19/19
 15545 | IceCv    | Reached skill level 14 in Unarmed Combat
 15662 | IceCv    | Noticed a frost giant
 15713 | IceCv    | Banished a frost giant
 16172 | Lair:4   | Noticed Sonja
 16174 | Lair:4   | Found a hole to the Spider Nest.
 16183 | Lair:4   | Killed Sonja
 16313 | Lair:4   | Reached skill level 10 in Invocations
 17065 | D:10     | Banished a six-headed hydra
 17373 | D:11     | Noticed a hill giant
 17374 | D:11     | Noticed a catoblepas
 17392 | D:11     | Noticed an eight-headed hydra
 17394 | D:11     | Killed Fluffy's ghost
 17692 | Lair:5   | Reached skill level 15 in Unarmed Combat
 18019 | Lair:5   | Reached XP level 14. HP: 141/141 MP: 20/20
 19153 | Lair:5   | Reached skill level 10 in Fighting
 19223 | Lair:5   | Reached skill level 10 in Dodging
 19469 | Lair:6   | Found a staircase to the Slime Pits.
 19724 | Lair:6   | Found a snail-covered altar of Cheibriados.
 20316 | Lair:7   | Gained mutation: You have large cloven feet. [potion of beneficial mutation]
 20527 | Lair:7   | Reached skill level 16 in Unarmed Combat
 21007 | Lair:8   | Entered Level 8 of the Lair of Beasts
 21981 | Lair:8   | Reached XP level 15. HP: 135/152 MP: 22/22
 23217 | Lair:8   | Upgraded the game from 0.17-a0-587-g4707e02 to 0.17-a0-627-g5cb7d3e
 23503 | D:11     | Found a staircase to the Orcish Mines.
 23608 | Orc:1    | Entered Level 1 of the Orcish Mines
 23716 | Orc:1    | Reached skill level 17 in Unarmed Combat
 24319 | Orc:3    | Found a staircase to the Elven Halls.
 24505 | Orc:3    | Found Araj's Magic Scroll Emporium.
 24566 | Orc:3    | Bought a scroll of identify for 26 gold pieces
 24566 | Orc:3    | Bought a scroll of identify for 26 gold pieces
 24566 | Orc:3    | Bought a scroll of blinking for 97 gold pieces
 24566 | Orc:3    | Bought a scroll of identify for 26 gold pieces
 24566 | Orc:3    | Bought a scroll of identify for 26 gold pieces
 24566 | Orc:3    | Bought a scroll of blinking for 97 gold pieces
 24566 | Orc:3    | Bought a scroll of fear for 45 gold pieces
 24975 | Orc:2    | Found a bloodstained altar of Trog.
 25475 | Orc:4    | Entered Level 4 of the Orcish Mines
 25540 | Orc:4    | Corrupted Orc:4
 25540 | Orc:4    | Noticed a tentacled starspawn
 25554 | Orc:4    | Noticed a tentacled starspawn
 25593 | Orc:4    | Killed a tentacled starspawn
 25594 | Orc:4    | Found Kuothuff's Armour Emporium.
 25803 | Orc:4    | Found Caerah's Food Shop.
 25840 | Orc:4    | Found Plog's Distillery.
 25861 | Orc:4    | Found Xozomyb's General Store.
 25890 | Orc:4    | Bought a potion of curing for 36 gold pieces
 25890 | Orc:4    | Bought a potion of heal wounds for 60 gold pieces
 25890 | Orc:4    | Bought a potion of heal wounds for 60 gold pieces
 25890 | Orc:4    | Bought a potion of experience for 600 gold pieces
 25890 | Orc:4    | Bought a potion of curing for 36 gold pieces
 25890 | Orc:4    | Bought a potion of curing for 36 gold pieces
 25890 | Orc:4    | Reached XP level 16. HP: 160/162 MP: 22/24
 25905 | Orc:4    | Found Gicesab's Antique Weapon Shop.
 25919 | Orc:4    | Found Vausarec's Gadget Shoppe.
 25963 | Orc:4    | Found Vuxy's Magic Scroll Emporium.
 25963 | Orc:4    | Found Qedurph's Armour Boutique.
 25982 | Orc:4    | Bought a scroll of fear for 52 gold pieces
 25982 | Orc:4    | Bought a scroll of blinking for 112 gold pieces
 26007 | Orc:4    | Bought 3 scrolls of identify for 90 gold pieces
 26015 | Orc:4    | Found a roughly hewn altar of Beogh.
 26126 | Orc:4    | Found Caic's Book Boutique.
 26825 | D:11     | Killed an unseen horror
 27561 | D:12     | Noticed a hill giant
 27568 | D:12     | Killed a hill giant
 27651 | D:12     | Killed an unseen horror
 27978 | D:11     | Killed a catoblepas
 28125 | D:11     | Banished a 11-headed hydra
 28170 | D:11     | Got a heavily runed steel ring
 28206 | D:11     | Identified the ring "Huuma" {rPois rC+ Int+7 Slay-4 SInv} (You took it off a kobold demonologist on level 11 of the Dungeon)
 28217 | D:11     | Killed a hill giant
 28697 | D:13     | Reached skill level 18 in Unarmed Combat
 28805 | D:13     | Noticed Snorg
 28812 | D:13     | Killed Snorg
 28812 | D:13     | Reached XP level 17. HP: 164/170 MP: 25/25
 28840 | D:13     | Found Zuraos's Distillery.
 28848 | D:13     | Bought a potion of heal wounds for 85 gold pieces
 28848 | D:13     | Bought a potion of haste for 170 gold pieces
 28893 | D:13     | Found Upeosch's General Store.
 28896 | D:13     | Found Waijiora's Book Shop.
 28964 | D:13     | Found Uguismaca's Book Shop.
 29238 | D:13     | Found Ybop's Antique Weapon Boutique.
 29619 | D:14     | Found a shattered altar of Ashenzari.
 30255 | D:14     | Found a gate to the Vaults.
 30562 | D:15     | Entered Level 15 of the Dungeon
 30712 | D:15     | Found a staircase to the Depths.
 31243 | Abyss:1  | Found a corrupted altar of Lugonu.
 31304 | D:15     | Escaped the Abyss
 31580 | D:15     | Noticed Rupert
 31594 | D:15     | Killed Rupert
 32035 | Depths:1 | Entered Level 1 of the Depths
 32060 | Depths:1 | Gained mutation: You are weak. (Str -2) [mutagenic glow]
 32062 | Depths:1 | Lost mutation: You have large cloven feet. [potion of cure mutation]
 32062 | Depths:1 | Lost mutation: You are weak. (Str -2) [potion of cure mutation]
 32062 | Depths:1 | Lost mutation: You have a pair of small horns on your head. [potion of cure mutation]
 32073 | Depths:1 | Hit by a large rock thrown by a stone giant

Action                   |  1- 3 |  4- 6 |  7- 9 | 10-12 | 13-15 | 16-18 || total
-------------------------+-------+-------+-------+-------+-------+-------++-------
Melee: Unarmed           |   114 |   301 |   471 |   954 |  1501 |   771 ||  4112
Invok: Depart the Abyss  |     1 |       |     1 |     1 |       |     1 ||     4
       Enter the Abyss   |       |       |     1 |     1 |       |     1 ||     3
       Banish            |       |       |       |       |    13 |     3 ||    16
       Corrupt           |       |       |       |       |     1 |       ||     1
 Abil: Evoke Invisibilit |       |       |       |       |     2 |       ||     2
Evoke: Wand              |       |       |     2 |     8 |     1 |     1 ||    12
       Deck              |       |       |       |     3 |       |       ||     3
  Use: Scroll            |       |    13 |     4 |    14 |    11 |    12 ||    54
       Potion            |       |     1 |     5 |     5 |     3 |     2 ||    16
 Stab: Invisible         |       |       |     1 |     2 |     4 |       ||     7
       Paralysed         |       |       |     1 |       |       |       ||     1
       Sleeping          |       |       |       |     2 |       |       ||     2
       Fleeing           |       |       |       |       |     1 |       ||     1
       Petrified         |       |       |       |       |       |     1 ||     1
  Eat: Chunk             |    14 |    18 |    40 |    77 |   117 |    57 ||   323
       Bread ration      |     1 |       |       |       |       |       ||     1
